 Dungeon Crawl Stone Soup version 0.30-a0-377-g5cb311bc9f (webtiles) character file.

Game seed: 11603423186812346671

2139044 ragingrage the Worldbinder (level 25, 240/240 HPs)
             Began as a Black Draconian Summoner on Nov 28, 2022.
             Was the Champion of Ru.
             Escaped with the Orb
             ... and 4 runes on Nov 29, 2022!
             The game lasted 02:46:35 (79423 turns).

ragingrage the Worldbinder (DrSu)                  Turns: 79423, Time: 02:46:36

Health: 240/240    AC: 28    Str: 10    XL:     25   Next: 43%
Magic:  44/44      EV: 13    Int: 31    God:    Ru [******]
Gold:   4733       SH: 16    Dex: 13    Spells: 15/59 levels left

rFire   + + +      SeeInvis .    F - +12 spear "Aqootauj" {flame, rC+++ Int+6 Stlth-}
rCold   + + +      Faith    .    k - +2 shield of Resistance {rF++ rC++ Will++}
rNeg    + + .      Spirit   .    (body armour unavailable)
rPois   +          Reflect  .    o - +1 hat "Dytae" {Fly rElec rF+ rN+}
rElec   +          Harm     .    I - +2 cloak {rCorr}
rCorr   +          Rampage  .    O - +2 pair of gloves {Stlth+}
Will    +++..                    T - +2 pair of boots
Stlth   ++........               H - amulet of magic regeneration
HPRegen 0.60/turn                w - +6 ring of protection
MPRegen 0.69/turn                S - ring of Goyzoly {Fire rPois rN+}

@: on dragon call cooldown, flying, studying Unarmed Combat
A: breathe lightning, AC +12, unfitting armour, big wings, electricity
resistance, cold-blooded, reduced EV 1, disrupted magic 1, inexperienced 1,
missing an eye, temperature sensitive, weak 1
0: Orb of Zot
}: 4/15 runes: decaying, serpentine, slimy, silver
a: Breathe Lightning, Renounce Religion, Draw Out Power, Power Leap, Apocalypse


You escaped.
You worshipped Ru.
Ru was exalted by your worship.
You visited 11 branches of the dungeon, and saw 53 of its levels.
You also visited: Bailey and Ice Cave.

You collected 10151 gold pieces.
You spent 5418 gold pieces at shops.

Inventory:

Hand Weapons
 F - the +12 spear "Aqootauj" (weapon) {flame, rC+++ Int+6 Stlth-}
   (You found it on level 5 of the Lair of Beasts)

   It burns those it strikes, dealing additional fire damage.
   Int:       It affects your intelligence (+6).
   rC:        It renders you almost immune to cold.
   Stlth:     It makes you less stealthy.
Missiles
 B - 61 poisoned darts
 K - 12 curare-tipped darts
 N - 2 throwing nets
Armour
 k - the +2 shield of Resistance (worn) {rF++ rC++ Will++}
   (You found it in a bailey)

   rF:        It greatly protects you from fire.
   rC:        It greatly protects you from cold.
   Will:      It greatly increases your willpower.
 o - the +1 hat "Dytae" (worn) {Fly rElec rF+ rN+}
   (You found it on level 5 of the Lair of Beasts)

   rF:        It protects you from fire.
   rElec:     It insulates you from electricity.
   rN:        It protects you from negative energy.
   Fly:       It grants you flight.
 I - a +2 cloak of preservation (worn)
 O - a +2 pair of gloves of stealth (worn)
 T - a +2 pair of boots (worn)
 V - the +3 warlock's mirror {reflect}
   (You took it off a deep elf annihilator on level 3 of the Elven Halls)

   It can block and reflect piercing ranged attacks and magical attacks against
   the wielder's willpower.
Jewellery
 p - a ring of see invisible
 w - a +6 ring of protection (left hand)
 H - an amulet of magic regeneration (around neck)
 S - the ring of Goyzoly (right hand) {Fire rPois rN+}
   (You took it off a deep elf annihilator on level 3 of the Elven Halls)

   [ring of fire]

   It enhances your fire magic.
   rF:        It protects you from fire.
   rC:        It makes you vulnerable to cold.
   rPois:     It protects you from poison.
   rN:        It protects you from negative energy.
Wands
 f - a wand of quicksilver (20)
 x - a wand of flame (50)
 y - a wand of iceblast (37)
 G - a wand of paralysis (83)
 J - a wand of mindburst (39)
 P - a wand of digging (17)
 U - a wand of polymorph (29)
Scrolls
 c - 5 scrolls of summoning
 d - 4 scrolls of silence
 e - 9 scrolls of blinking
 h - 15 scrolls of immolation
 m - 27 scrolls of teleportation
 n - 12 scrolls of magic mapping
 r - a scroll of brand weapon
 v - 9 scrolls of amnesia
 z - 11 scrolls of butterflies
 A - 11 scrolls of poison
 L - 3 scrolls of enchant weapon
 Q - 2 scrolls of enchant armour
 R - 2 scrolls of fear
Potions
 a - 4 potions of magic
 b - 23 potions of curing
 g - 11 potions of mutation
 i - 9 potions of might
 l - 16 potions of heal wounds
 s - 5 potions of invisibility
 t - 8 potions of resistance
 u - 4 potions of haste
 C - 9 potions of attraction
 D - 6 potions of brilliance
 E - 3 potions of cancellation
 M - a potion of berserk rage
 W - 9 potions of lignification
 Y - 6 potions of ambrosia
Miscellaneous
 j - a condenser vane
 q - a tin of tremorstones (2/2)
 X - a phantom mirror (inert)
 Z - a phial of floods


   Skills:
 + Level 22.5 Fighting
 - Level 8.0 Polearms
 - Level 15.0 Dodging
 - Level 10.0 Stealth
 + Level 18.0 Shields
 + Level 17.5 Spellcasting
 - Level 7.0 Hexes
 - Level 26.9 Summonings
 - Level 8.0 Translocations
 - Level 7.0 Air Magic
 - Level 15.0 Evocations


You had 15 spell levels left.
You knew the following spells:

 Your Spells              Type           Power      Damage    Failure   Level
a - Summon Forest         Summ/Tloc      47%        N/A       1%          5
b - Summon Cactus Giant   Summ           57%        N/A       1%          6
c - Summon Mana Viper     Hex/Summ       93%        N/A       1%          5
d - Summon Lightning Spi  Summ/Air       93%        N/A       1%          4
e - Summon Hydra          Summ           57%        N/A       1%          7
f - Call Canine Familiar  Summ           100%       N/A       1%          3
g - Dragon's Call         Summ           57%        N/A       6%          9
h - Summon Guardian Gole  Hex/Summ       93%        N/A       1%          3
i - Blink                 Tloc           100%       N/A       1%          2

Your spell library contained the following spells:

 Spells                   Type           Power      Damage    Failure   Level
 Apportation              Tloc           100%       N/A       1%          1
 Slow                     Hex            100%       N/A       1%          1
 Summon Small Mammal      Summ           100%       N/A       1%          1
 Call Imp                 Summ           100%       N/A       1%          2
 Ensorcelled Hibernation  Hex/Ice        96%        N/A       1%          2
 Momentum Strike          Conj/Tloc      100%       3d10      1%          2
 Poisonous Vapours        Pois/Air       96%        N/A       1%          2
 Confusing Touch          Hex            63%        N/A       1%          3
 Gell's Gravitas          Tloc           67%        N/A       1%          3
 Kindle Blastsparks       Fire/Tloc/Air  100%       2d18      1%          3
 Lesser Beckoning         Tloc           100%       N/A       1%          3
 Portal Projectile        Hex/Tloc       100%       N/A       1%          3
 Teleport Other           Tloc           67%        N/A       1%          3
 Tukima's Dance           Hex            63%        N/A       1%          3
 Manifold Assault         Tloc           67%        N/A       1%          4
 Passage of Golubria      Tloc           67%        N/A       1%          4
 Summon Ice Beast         Ice/Summ       84%        N/A       1%          4
 Monstrous Menagerie      Summ           57%        N/A       1%          7
 Summon Horrible Things   Summ           57%        N/A       1%          8
 Cigotuvi's Dreadful Rot  Necr/Pois/Air  82%        N/A       2%          2
 Airstrike                Air            31%        2d(5-21)  2%          4
 Cause Fear               Hex            31%        N/A       2%          4
 Inner Flame              Hex/Fire       65%        N/A       3%          3
 Malign Gateway           Summ/Tloc      47%        N/A       3%          7
 Freeze                   Ice            100%       1d10      4%          1
 Necrotise                Necr           100%       1d9       4%          1
 Sandblast                Erth           54%        2d13      4%          1
 Mephitic Cloud           Conj/Pois/Air  41%        N/A       4%          3
 Passwall                 Tmut/Erth      22%        N/A       6%          2
 Sublimation of Blood     Necr           27%        N/A       6%          2
 Wereblood                Tmut           27%        N/A       6%          2
 Silence                  Hex/Air        31%        N/A       6%          5
 Iskenderun's Mystic Bla  Conj/Tloc      51%        2d11      7%          4
 Anguish                  Hex/Necr       24%        N/A       9%          4
 Fulminant Prism          Conj/Hex       24%        3d12      9%          4
 Leda's Liquefaction      Hex/Erth       24%        N/A       9%          4
 Frozen Ramparts          Ice            54%        1d9       11%         3
 Hailstorm                Conj/Ice       27%        3d7       11%         3
 Ignite Poison            Fire/Tmut/Pois 40%        N/A       11%         3
 Ozocubu's Armour         Ice            27%        N/A       11%         3
 Spider Form              Tmut/Pois      27%        N/A       11%         3
 Stone Arrow              Conj/Erth      54%        3d10      11%         3
 Vampiric Draining        Necr           27%        2d7       11%         3
 Spellforged Servitor     Conj/Summ      42%        N/A       12%         7
 Dispersal                Tloc           33%        N/A       19%         6
 Arcjolt                  Conj/Air       24%        1d34      22%         5
 Lightning Bolt           Conj/Air       24%        1d39      22%         5
 Metabolic Englaciation   Hex/Ice        24%        N/A       22%         5
 Yara's Violent Unravell  Hex/Tmut       24%        3d11      22%         5
 Flame Wave               Conj/Fire      40%        2d11      30%         4
 Petrify                  Tmut/Erth      27%        N/A       30%         4
 Sticky Flame             Conj/Fire      40%        2d6       30%         4
 Freezing Cloud           Conj/Ice/Air   20%        6-21      32%         5
 Alistair's Intoxication  Tmut/Pois      18%        N/A       63%         5
 Borgnjor's Vile Clutch   Necr/Erth      13%        N/A       63%         5
 Iskenderun's Battlesphe  Conj           27%        2d8       63%         5
 Lee's Rapid Deconstruct  Erth           13%        3d9*      63%         5
 Enfeeble                 Hex            31%        N/A       80%         7
 Death Channel            Necr           13%        N/A       99%         6
 Eringya's Noxious Bog    Tmut/Pois      13%        N/A       99%         6
 Iron Shot                Conj/Erth      13%        9d3       99%         6
 Simulacrum               Ice/Necr       13%        N/A       99%         6
 Statue Form              Tmut/Erth      18%        N/A       99%         6
 Storm Form               Tmut/Air       24%        N/A       99%         7
 Dragon Form              Tmut           13%        N/A       100%        7
 Orb of Destruction       Conj           13%        9d7       100%        7
 Disjunction              Tloc           33%        N/A       100%        8
 Ignition                 Fire           20%        3d7       100%        8
 Lehudib's Crystal Spear  Conj/Erth      13%        10d5      100%        8
 Chain Lightning          Conj/Air       24%        3d32      100%        9
 Fire Storm               Conj/Fire      20%        8d5       100%        9
 Shatter                  Erth           13%        3d14*     100%        9
 Animate Armour           Summ/Erth      Unusable   N/A       N/A         4

Dungeon Overview and Level Annotations

Branches:
Dungeon (15/15)            Temple (1/1) D:5            Lair (5/5) D:10
  Swamp (4/4) Lair:3        Snake (4/4) Lair:3        Slime (5/5) Lair:5
    Orc (2/2) D:11            Elf (3/3) Orc:2        Vaults (5/5) D:14
  Crypt (0/3) Vaults:3     Depths (4/4) D:15            Zot (5/5) Depths:4
 Bailey (visited)           IceCv (visited)

Altars:
Ashenzari
Cheibriados
Dithmenos
Elyvilon
Fedhas
Gozag
Hepliaklqana
Kikubaaqudgha
Makhleb
Nemelex Xobeh
Okawaru
Qazlal
Ru
Sif Muna
Trog
Uskayaw
Vehumet
Wu Jian
Xom
Yredelemnul
Zin
The Shining One
Jiyva

Shops:
D:2 =   D:4 =   D:10 :   Orc:2 [!((   Elf:1 =((([   Elf:2 ?   Snake:3 [
Snake:4 ?   Vaults:1 (   Vaults:3 *   Depths:2 [   Depths:4 *

Portals:
Hell: Depths:1 Depths:2 Depths:3 Depths:4
Abyss: Zot:2 Depths:2 Depths:3
Pandemonium: Depths:1 Depths:2 Depths:3
Ziggurat: Depths:2
Trove: Vaults:3 (give 12 potions of heal wounds)

Annotations:
D:14 exclusion: downstairs
Elf:2 3 runed translucent doors
Vaults:4 36 runed doors
Zot:2 2 transporters, Buusaloph's ghost, veteran TrCK
Zot:3 6 transporters, 3 runed translucent doors, Akugygoc's ghost, legendary MiFi; Zeaxzic Paph's ghost, veteran OgBe
Zot:4 exclusion: door


Innate Abilities, Weirdness & Mutations

You can breathe wild blasts of lightning.
Your glossy black scales are hard. (AC +12)
You cannot fit into any form of body armour.
Your large and strong wings let you fly.
You are resistant to electric shocks. (rElec)
You are cold-blooded and may be slowed by cold attacks.
You have somewhat slow reflexes. (EV -5)
Your casting is slightly disrupted.
You are somewhat inexperienced. (-1 XL)
You are missing an eye, making it more difficult to aim.
You are sensitive to extremes of temperature. (rF-, rC-)
You are weak. (Str -2)


Message History

There is a stone staircase leading up here.
You fly upwards.
Your summoned ally is left behind.
There is a stone staircase leading down here.
Magic restored.
There is a stone staircase leading up here.
You fly upwards.
There is a stone staircase leading down here.
An ice devil comes into view.
You reach to attack!
You hit the ice devil. You burn the ice devil.
The ice devil is moderately wounded.
A dragon arrives to answer your call!
Your quicksilver dragon breathes dispelling energy at the ice devil.
The bolt of dispelling energy hits the ice devil!!
You reach to attack!
You hit the ice devil but do no damage.
The ice devil is almost dead.
A dragon arrives to answer your call!
The ice devil hits your iron dragon but does no damage.
Your quicksilver dragon bites the ice devil but does no damage.
Your quicksilver dragon barely misses the ice devil.
You could not reach far enough!
Your quicksilver dragon barely misses the ice devil.
Your quicksilver dragon closely misses the ice devil.
The ice devil closely misses your iron dragon.
Your iron dragon bites the ice devil!
The ice devil dies!
Your Shields skill increases to level 18!
There are no items here.
(D) Dungeon (T) Temple (L) Lair (S) Swamp (P) Snake Pit (M) Slime Pits (O) Orcish Mines (E) Elven Halls (V) Vaults (C) Crypt (U) Depths (H) Hell (Z) Zot
Where to? (Enter - D:1 @ (x,y), ? - help)
You swap places.
There is a stone staircase leading down here.
You swap places.
The roar of the dragon horde subsides.
Magic restored.
Your iron dragon disappears in a puff of smoke!
There is a staircase leading out of the dungeon here.
You have escaped!

#.# #.# #.#
#.###############
................###
#.###.............#
..............#####
#....##########...#
######## ####.#
###.@.###......#
#.#
#.#..D.#######.#
#.# #.####.# #.#
#.# #......## #.#
####.# #.≈≈....#
#.##### ....>#
#.≈≈....# #.....#
###### #.......#
#####.# #...§...#
#.# #.......# #.#


You could see a friendly quicksilver dragon (summoned).

Vanquished Creatures
  the Royal Jelly (Slime:5)
  3 dread liches
  Vv (Depths:2)
  A tentacled monstrosity (Zot:2)
  A quicksilver dragon (Vaults:4)
  3 acid blobs
  A sphinx (Vaults:5)
  A storm dragon (Depths:2)
  A shadow dragon (Vaults:3)
  4 azure jellies (Slime:5)
  2 frost giants (Vaults:5)
  A vault warden (Vaults:5)
  3 very ugly things
  An ironbound preserver (Vaults:3)
  A green draconian (Zot:4)
  4 quicksilver oozes (Slime:5)
  6 stone giants
  A vampire knight (Depths:2)
  2 deep elf demonologists (Elf:3)
  A dire elephant (Vaults:1)
  A deep elf annihilator (Elf:3)
  A white draconian (Zot:5)
  4 spark wasps
  4 deep elf death magi
  2 ettins
  2 deep elf high priests (Vaults:5)
  An ice dragon (Depths:3)
  A great orb of eyes (Vaults:4)
  2 rakshasas
  A catoblepas (Lair:1)
  3 yaktaur captains
  19 vault guards (Vaults:5)
  6 hydras
  2 salamander tyrants (Snake:4)
  A ghost crab (Swamp:4)
  A two-headed ogre (Vaults:5)
  2 alligators
  A centaur warrior (Vaults:1)
  A deep troll earth mage (Depths:3)
  A deep troll shaman (Depths:3)
  A vampire mage (D:15)
  2 naga sharpshooters
  A tengu warrior (Depths:2)
  A dancing weapon (Orc:2)
  A death yak (Lair:5)
  3 deep elf knights
  2 deep trolls (Depths:3)
  A spriggan druid (Swamp:2)
  A glowing orange brain (shapeshifter) (Depths:2)
  A swamp dragon (Swamp:4)
  2 lindwurms
  3 ironbound convokers
  4 deep elf archers
  4 deep elf zephyrmancers
  A wizard (Vaults:2)
  6 deep elf pyromancers
  2 necromancers
  A glowing orange brain (Depths:2)
  3 phantasmal warriors
  A shining eye (Slime:5)
  A manticore (D:15)
  4 orc sorcerers (Orc:2)
  A will-o-the-wisp (Swamp:3)
  4 ugly things
  An orc knight (Orc:2)
  5 salamanders
  A cyclops (D:15)
  6 moths of wrath
  8 nameless horrors
  2 apis skeletons (Depths:3)
  A guardian serpent (Snake:4)
  A cane toad (Lair:5)
  A naga mage (Snake:1)
  5 black mambas
  A torpor snail (Lair:5)
  3 rime drakes (Swamp:4)
  7 yaktaurs
  An efreet (D:14)
  A komodo dragon (Lair:1)
  2 tengu conjurers
  A hellwing (Depths:2)
  2 trolls
  A tyrant leech (Swamp:2)
  6 polar bears
  4 slime creatures
  2 air elementals (Elf:1)
  2 water elementals
  A wraith (D:11)
  A spriggan (Swamp:4)
  2 wyverns
  A shadow (D:9)
  A basilisk (D:13)
  A golden eye (Slime:2)
  7 yaks
  A fire elemental (Elf:3)
  2 vampire mosquitoes (D:14)
  A steam dragon (D:8)
  A redback (Vaults:3)
  3 wargs (Orc:2)
  2 swamp worms
  A hell hound (Lair:5)
  4 nagas
  A floating eye (Depths:2)
  A water moccasin (Lair:5)
  An ice beast (D:13)
  2 swamp drakes (Swamp:4)
  2 orc warriors (Snake:4)
  6 wolves
  6 black bears (Lair:5)
  2 ogres
  2 centaurs
  A boggart (D:14)
  A phantom (D:5)
  A kobold brigand (D:11)
  3 bullfrogs
  An earth elemental (Elf:3)
  A wight (D:9)
  2 electric eels (D:10)
  3 orc priests
  3 hounds
  12 orc wizards
  An adder (D:6)
  A gnoll (D:3)
  A hound simulacrum (D:5)
  2 white imps
  A dart slug (D:4)
  19 orcs
  2 ball pythons
  3 bats
  3 endoplasms
  A giant cockroach (D:1)
  3 goblins
  A hobgoblin (D:1)
  A kobold (D:4)
  2 frilled lizards (D:1)
  4 rats
335 creatures vanquished.

Vanquished Creatures (collateral kills)
  2 dread liches
  8 orbs of fire (Zot:5)
  A pandemonium lord (Zot:1)
  2 ancient liches
  The ghost of Buusaloph the Wrestler, a veteran TrCK of Xom (Zot:4)
  Frederick (Depths:3)
  4 Killer Klowns
  Saint Roka (Snake:4)
  4 caustic shrikes
  4 curse toes
  2 bone dragons
  5 golden dragons
  the Enchantress (Depths:2)
  2 profane servitors
  7 electric golems
  3 doom hounds (Depths:2)
  2 Tzitzimimeh (Depths:2)
  Zenata (Vaults:1)
  An Ice Fiend (Zot:1)
  18 tentacled monstrosities
  26 Orb Guardians
  2 deep elf blademasters (Elf:3)
  6 liches
  Grunn (Depths:2)
  A walking crystal tome (Depths:2)
  A walking earthen tome (Depths:2)
  2 quicksilver dragons
  2 titans
  16 acid blobs
  3 deep elf master archers (Elf:3)
  8 sphinxes
  8 death cobs
  The ghost of Jackthecabe the Omniscient, an adept GnWn of Ashenzari (Snake:4)
  An Executioner (Zot:1)
  8 tengu reavers
  A thorn hunter (Swamp:2)
  Agnes (Elf:1)
  8 shadow dragons
  An acid blob (shapeshifter) (Vaults:5)
  22 storm dragons
  Donald (Swamp:3)
  2 draconian monks
  An azure jelly (Slime:5)
  A nagaraja (Snake:4)
  The ghost of Isiyh the Warrior, a journeyman MiMo of Gozag (Snake:1)
  Roxanne (D:15)
  12 rockslimes
  8 frost giants
  11 fire giants
  3 deep elf sorcerers
  13 vault wardens
  A demonspawn warmonger (Zot:1)
  6 draconian knights
  3 draconian scorchers
  Louise (Snake:4)
  4 draconian shifters
  3 war gargoyles
  11 ironbound preservers
  3 spriggan defenders (Depths:2)
  6 quicksilver oozes
  5 deep elf elementalists
  2 ghost moths
  2 draconian stormcallers
  An orc warlord (Vaults:1)
  5 draconian annihilators
  2 reapers
  14 stone giants
  A demonspawn corrupter (D:13)
  9 ironbound thunderhulks
  3 deep elf demonologists
  14 green draconians
  2 vampire knights
  29 very ugly things
  13 white draconians
  A bunyip (Swamp:2)
  6 black draconians
  8 purple draconians
  2 eleionomae
  6 dire elephants
  6 red draconians
  10 yellow draconians
  6 deep elf annihilators
  2 pearl dragon zombies (Depths:3)
  8 spark wasps
  8 deep elf death magi
  3 jiangshi (D:15)
  10 ettins
  A merfolk impaler (Depths:3)
  10 fire dragons
  4 entropy weavers
  9 great orbs of eyes
  3 deep elf high priests
  The ghost of Higod the Unseen, a journeyman SpEn of Kikubaaqudgha (D:15)
  3 rakshasas
  10 ice dragons
  16 yaktaur captains
  12 hydras
  4 spriggan air magi
  2 salamander tyrants (Snake:4)
  An ogre mage (Vaults:5)
  A ghost crab (Swamp:2)
  Erica (Lair:1)
  9 anacondas
  A peacekeeper (Vaults:4)
  2 hell beasts
  16 vault guards
  10 ironbound frosthearts
  3 catoblepae
  14 centaur warriors
  7 alligators
  3 boulder beetles
  A death knight (Depths:3)
  2 death yaks (Lair:5)
  25 dancing weapons
  5 tengu warriors
  3 deep troll shamans
  3 two-headed ogres
  11 deep troll earth magi
  3 hell hogs (Depths:3)
  15 naga warriors
  Urug (Lair:5)
  A soul eater (D:10)
  A vampire mage (Depths:1)
  6 shock serpents
  8 naga sharpshooters
  3 spriggan berserkers (Depths:2)
  7 hell knights (Depths:4)
  11 deep elf knights
  A shadow wraith (Vaults:5)
  7 salamander mystics
  2 skeletal warriors (D:15)
  2 sixfirhies
  23 deep trolls
  A glowing orange brain (shapeshifter) (Vaults:5)
  3 goliath frogs
  8 iron trolls
  5 naga ritualists
  7 spriggan druids
  A shadow demon (D:13)
  A death drake (Swamp:4)
  9 glowing orange brains
  An orb spider (shapeshifter) (Elf:2)
  8 swamp dragons
  2 phantasmal warriors (Vaults:5)
  2 golden dragon skeletons (D:15)
  13 deep elf archers
  5 lindwurms
  4 bog bodies
  2 wizards
  9 orc knights
  A tengu zombie (D:15)
  4 harpies
  23 deep elf pyromancers
  11 mana vipers
  A wolf spider (D:14)
  3 necromancers
  23 deep elf zephyrmancers
  24 ironbound convokers
  A frost giant zombie (D:15)
  9 shining eyes
  3 manticores
  28 ugly things
  4 orc sorcerers
  A cyclops (shapeshifter) (Vaults:4)
  25 salamanders
  10 cyclopes
  5 guardian serpents
  18 moths of wrath
  6 will-o-the-wisps
  33 black mambas
  4 eyes of devastation
  Maurice (Orc:2)
  2 apis skeletons (Depths:3)
  2 rust devils
  18 vault sentinels
  4 gargoyles
  An unseen horror (D:12)
  12 cane toads
  16 naga magi
  Maggie (Lair:1)
  A hellion (Zot:1)
  A kobold demonologist (D:13)
  An efreet (D:13)
  2 ice devils
  27 yaktaurs
  5 komodo dragons
  The ghost of pigah the Gusty, a novice OpWn (D:5)
  5 freezing wraiths
  2 hellwings (Depths:3)
  3 tengu conjurers (D:15)
  A merfolk (shapeshifter) (Vaults:4)
  A red devil (Depths:1)
  A tormentor (Depths:3)
  2 human skeletons (Vaults:3)
  5 polar bears
  A wolf spider simulacrum (D:13)
  10 trolls
  12 tyrant leeches
  2 raiju (Lair:5)
  16 hornets
  A tarantella (shapeshifter) (Vaults:4)
  A raiju (shapeshifter) (D:15)
  76 slime creatures
  7 blink frogs
  Grinder (D:6)
  9 dream sheep (Lair:5)
  A centaur simulacrum (D:15)
  A large abomination (Zot:1)
  Sigmund (D:4)
  A ynoxinul (Depths:3)
  4 air elementals
  A shadow (D:13)
  19 spriggans
  2 wraiths
  A fire elemental (Elf:1)
  A basilisk (D:14)
  3 water elementals
  4 wyverns
  2 steam dragons
  3 fire bats (Depths:2)
  34 yaks
  9 vampire mosquitoes
  4 redbacks
  A hog (shapeshifter) (D:14)
  2 chaos spawn
  9 wargs
  Menkaure (D:6)
  2 golden eyes (Slime:2)
  A steam dragon (shapeshifter) (D:15)
  13 swamp worms
  A warg (shapeshifter) (Vaults:5)
  25 nagas
  15 water moccasins
  10 nameless horrors
  2 floating eyes
  A glowing shapeshifter skeleton (Vaults:3)
  12 hell hounds (Lair:5)
  An ogre skeleton (Vaults:3)
  3 swamp drakes
  22 orc warriors
  2 ice beasts (D:13)
  11 black bears
  7 ogres
  An ogre (shapeshifter) (Vaults:5)
  7 boggarts
  17 wolves
  2 centaurs
  5 kobold brigands
  7 bullfrogs
  4 gnoll sergeants
  An earth elemental (Elf:2)
  2 necrophages (D:7)
  3 wights
  2 elephant simulacra (IceCv)
  3 electric eels
  2 howler monkeys
  3 lava snakes
  4 hounds
  A jelly (D:7)
  Crazy Yiuf (D:4)
  10 orc priests
  A water moccasin simulacrum (D:5)
  Jessica (D:3)
  Terence (D:3)
  2 iguanas
  28 orc wizards
  2 polar bear simulacra (IceCv)
  2 bullfrog simulacra (D:5)
  4 adders
  14 gnolls
  A hound simulacrum (D:5)
  A howler monkey simulacrum (D:5)
  7 white imps
  An ufetubus (D:13)
  A worm (D:5)
  3 dart slugs
  86 orcs
  6 ball pythons
  5 endoplasms
  3 giant cockroaches
  8 goblins
  A hobgoblin (D:3)
  2 quokkas (D:1)
  2 bats
  13 kobolds
  A rat (D:2)
  7 briar patches (Swamp:2)
1822 creatures vanquished.

Vanquished Creatures (others)
  A Killer Klown (Zot:5)
  A death cob (Zot:2)
  2 tengu reavers
  A rockslime (Slime:5)
  An azure jelly (Slime:5)
  A deep elf demonologist (Elf:3)
  A yellow draconian (Zot:2)
  Snorg (D:13)
  A hydra (Swamp:4)
  A two-headed ogre (D:11)
  4 centaur warriors
  A vampire mage (Depths:2)
  A naga warrior (Snake:4)
  A naga sharpshooter (Snake:2)
  2 deep elf knights (Elf:1)
  A salamander mystic (Snake:4)
  3 deep elf zephyrmancers
  A deep elf pyromancer (Elf:1)
  4 ugly things
  A salamander (Snake:4)
  A yaktaur (Vaults:4)
  A kobold demonologist (D:9)
  A komodo dragon (Lair:1)
  An ice devil (D:13)
  A troll (D:11)
  A polar bear (D:13)
  A hornet (D:11)
  2 blink frogs (Lair:1)
  Prince Ribbit (D:6)
  A centaur simulacrum (D:13)
  17 yaks
  A shadow (D:11)
  A wyvern (D:8)
  2 vampire mosquitoes (D:11)
  A swamp worm (Lair:3)
  A warg (Orc:2)
  2 water moccasins
  7 orc warriors
  2 ogres
  A cane toad simulacrum (IceCv)
  8 wights
  2 orc priests (D:11)
  3 orc wizards
  5 orcs
  A quokka (D:5)
  A bush (Elf:2)
  21 foxfires
  17 fungi
  31 plants
  63 snaplasher vines
  10 withered plants (D:15)
238 creatures vanquished.

Grand Total: 2395 creatures vanquished

Notes
Turn   | Place    | Note
-------+----------+-------------------------------------------
     0 | D:1      | ragingrage the Draconian Summoner began the quest for the
                  | Orb.
     0 | D:1      | Reached XP level 1. HP: 14/14 MP: 3/3
   134 | D:1      | Reached XP level 2. HP: 16/20 MP: 5/5
   309 | D:1      | Learned a level 2 spell: Call Imp
  1013 | D:1      | Reached skill level 5 in Summonings
  1228 | D:2      | Found Nokhlech's Jewellery Shop.
  1376 | D:2      | Reached XP level 3. HP: 26/26 MP: 2/6
  1380 | D:2      | Learned a level 3 spell: Call Canine Familiar
  1706 | D:3      | Found a white marble altar of Elyvilon.
  1878 | D:3      | Found a faded altar of an unknown god.
  2243 | D:3      | Noticed Terence
  2279 | D:3      | Killed Terence
  2280 | D:3      | Reached XP level 4. HP: 33/33 MP: 0/7
  2447 | D:3      | Reached skill level 6 in Summonings
  2524 | D:3      | Noticed Jessica
  2541 | D:3      | Killed Jessica
  2747 | D:3      | Reached XP level 5. HP: 37/38 MP: 6/8
  2847 | D:3      | Found a shadowy altar of Dithmenos.
  3334 | D:4      | Noticed an ogre
  3342 | D:4      | Killed an ogre
  3343 | D:4      | Reached skill level 7 in Summonings
  3343 | D:4      | Reached XP level 6. HP: 45/45 MP: 6/9
  3468 | D:4      | Noticed Sigmund
  3476 | D:4      | Killed Sigmund
  3477 | D:4      | Reached skill level 8 in Summonings
  3503 | D:4      | Found a runed translucent door.
  3504 | D:4      | Noticed Crazy Yiuf
  3634 | D:4      | Found Xawec's One-of-a-Kind Rings.
  3695 | D:4      | Your scales start taking on a glossy black colour.
  3695 | D:4      | Reached XP level 7. HP: 50/50 MP: 5/10
  3695 | D:4      | Gained mutation: You are resistant to electric shocks.
                  | (rElec) [Black Draconian growth]
  3876 | D:4      | Killed Crazy Yiuf
  3966 | D:5      | Entered Level 5 of the Dungeon
  4038 | D:5      | Learned a level 3 spell: Summon Guardian Golem
  4110 | D:5      | Found a runed translucent gate.
  4110 | D:5      | Found a runed translucent gate.
  4110 | D:5      | Found a runed translucent gate.
  4136 | D:5      | Reached skill level 1 in Hexes
  4354 | D:5      | Found a staircase to the Ecumenical Temple.
  4459 | Temple   | Entered the Ecumenical Temple
  4651 | Temple   | Became a worshipper of Ru the Awakened
  4856 | D:5      | Reached skill level 9 in Summonings
  5016 | D:5      | Noticed a yak
  5016 | D:5      | Noticed a yak
  5020 | D:5      | Noticed a yak
  5021 | D:5      | Noticed a yak
  5034 | D:5      | Killed a yak
  5044 | D:5      | Killed a yak
  5045 | D:5      | Reached XP level 8. HP: 54/57 MP: 6/12
  5230 | D:5      | Noticed pigah's ghost (novice OpWn)
  5333 | D:6      | Noticed Prince Ribbit
  5345 | D:6      | Noticed Grinder
  5359 | D:6      | Paralysed by Grinder for 3 turns
  5611 | D:6      | Killed Grinder
  5612 | D:6      | Reached skill level 10 in Summonings
  6024 | D:6      | Killed Prince Ribbit
  6025 | D:6      | Reached skill level 5 in Spellcasting
  6025 | D:6      | Reached XP level 9. HP: 31/62 MP: 9/16
  6139 | D:6      | Learned a level 4 spell: Summon Lightning Spire
  6228 | D:6      | Noticed Menkaure
  6236 | D:6      | Killed Menkaure
  6237 | D:6      | Reached skill level 1 in Air Magic
  6694 | D:7      | Reached skill level 11 in Summonings
  6932 | D:7      | Found a flagged portal.
  6948 | Bailey   | Entered a bailey
  7261 | Bailey   | Reached skill level 5 in Air Magic
  7336 | Bailey   | Gained mutation: You are missing an eye, making it more
                  | difficult to aim. [Ru sacrifice]
  7336 | Bailey   | Reached * piety under Ru
  7359 | Bailey   | Found the +2 shield of Resistance {rF++ rC++ Will++}
  7470 | D:7      | Reached skill level 1 in Shields
  7965 | D:8      | Reached XP level 10. HP: 69/69 MP: 14/17
  8261 | D:8      | Reached skill level 12 in Summonings
  8423 | D:8      | Found a blossoming altar of Fedhas.
  8484 | D:8      | Found a radiant altar of Vehumet.
  8684 | D:8      | Noticed a white ugly thing
  8693 | D:8      | Killed a white ugly thing
  9100 | D:9      | Reached skill level 5 in Shields
  9524 | D:9      | Found an ancient bone altar of Kikubaaqudgha.
  9524 | D:9      | Found an iron altar of Okawaru.
  9534 | D:9      | Found a faded altar of an unknown god.
  9547 | D:9      | Found a shimmering altar of Xom.
  9548 | D:9      | Found a sparkling altar of Nemelex Xobeh.
  9815 | D:9      | Noticed a manticore
  9824 | D:9      | Killed a manticore
  9825 | D:9      | Reached skill level 1 in Fighting
  9825 | D:9      | Reached skill level 1 in Evocations
 10237 | D:10     | Entered Level 10 of the Dungeon
 10252 | D:10     | Found Rasouv's Book Shop.
 10498 | D:10     | Found a burning altar of Makhleb.
 10632 | D:10     | Found a basalt altar of Yredelemnul.
 10704 | D:10     | Reached XP level 11. HP: 67/80 MP: 6/19
 10720 | D:10     | Reached skill level 13 in Summonings
 10860 | D:10     | Found a staircase to the Lair.
 11042 | D:10     | Found a shimmering blue altar of Sif Muna.
 11499 | D:11     | Learned a level 6 spell: Summon Cactus Giant
 11536 | D:11     | Gained mutation: You are somewhat inexperienced. (-1 XL)
                  | [Ru sacrifice]
 11536 | D:11     | Reached XP level 10. HP: 77/77 MP: 18/18
 11536 | D:11     | Reached ** piety under Ru
 11693 | D:11     | Noticed a two-headed ogre
 11713 | D:11     | Killed a two-headed ogre
 11779 | D:11     | Noticed a two-headed ogre
 11790 | D:11     | Killed a two-headed ogre
 12540 | D:11     | Found a staircase to the Orcish Mines.
 12695 | D:11     | Noticed a brown ugly thing
 12721 | D:11     | Noticed a cyan ugly thing
 12743 | D:11     | Killed a cyan ugly thing
 12746 | D:11     | Killed a cyan ugly thing
 12882 | D:11     | Reached skill level 5 in Fighting
 12882 | D:11     | Reached XP level 11. HP: 86/86 MP: 13/20
 13125 | D:11     | Reached skill level 5 in Dodging
 13376 | D:12     | Found an ancient bone altar of Kikubaaqudgha.
 15156 | D:13     | Reached skill level 14 in Summonings
 15167 | D:13     | Noticed Snorg
 15168 | D:13     | Noticed a centaur warrior
 15174 | D:13     | Killed Snorg
 15183 | D:13     | Killed a centaur warrior
 15287 | D:13     | Found a frozen archway.
 15311 | IceCv    | Entered an ice cave
 15348 | IceCv    | Found a transporter.
 15357 | IceCv    | Learned a level 5 spell: Summon Mana Viper
 15367 | IceCv    | Found a transporter.
 16348 | D:14     | Noticed a centaur warrior
 16351 | D:14     | Noticed a rakshasa
 16358 | D:14     | Noticed an ironbound preserver
 16365 | D:14     | Killed a rakshasa
 16370 | D:14     | Noticed a four-headed hydra
 16587 | Lair:1   | Entered Level 1 of the Lair of Beasts
 16587 | Lair:1   | Noticed Erica
 16598 | Lair:1   | Killed Erica
 16961 | D:4      | Bought a +6 ring of protection for 1014 gold pieces
 17170 | Lair:1   | Reached XP level 12. HP: 100/100 MP: 14/23
 17235 | Lair:1   | Gained mutation: You are sensitive to extremes of
                  | temperature. (rF-, rC-) [Ru sacrifice]
 17235 | Lair:1   | Reached *** piety under Ru
 17235 | Lair:1   | Reached **** piety under Ru
 17235 | Lair:1   | Reached ***** piety under Ru
 17340 | Lair:1   | Noticed Maggie
 17358 | Lair:1   | Killed Maggie
 18232 | Lair:2   | Reached skill level 5 in Hexes
 19576 | Lair:3   | Found a staircase to the Snake Pit.
 19930 | Lair:3   | Found a staircase to the Swamp.
 20302 | Lair:4   | Gained mutation: You have somewhat slow reflexes. (EV -5)
                  | [Ru sacrifice]
 21432 | Lair:5   | Entered Level 5 of the Lair of Beasts
 21545 | Lair:5   | Identified the +12 spear "Aqootauj" {flame, rC+++ Int+6
                  | Stlth-}
 21823 | Lair:5   | Reached skill level 15 in Summonings
 21823 | Lair:5   | Reached XP level 13. HP: 95/105 MP: 16/25
 22222 | Lair:5   | Found a staircase to the Slime Pits.
 22222 | Lair:5   | Found a viscous altar of Jiyva.
 22275 | Lair:5   | Reached skill level 10 in Shields
 22459 | Lair:5   | Gained mutation: Your casting is slightly disrupted. [Ru
                  | sacrifice]
 22459 | Lair:5   | Reached ****** piety under Ru
 22547 | Lair:5   | Identified the +1 hat "Dytae" {Fly rElec rF+ rN+}
 22664 | Lair:5   | Noticed Urug
 22677 | Lair:5   | Killed Urug
 23033 | Lair:5   | Identified a scroll of acquirement
 23033 | Lair:5   | Acquired 987 gold pieces
 23200 | Orc:1    | Entered Level 1 of the Orcish Mines
 23351 | Orc:1    | Learned a level 5 spell: Summon Forest
 23363 | Orc:2    | Entered Level 2 of the Orcish Mines
 23463 | Orc:1    | Reached skill level 10 in Fighting
 23655 | Orc:2    | Noticed Maurice
 23705 | Orc:1    | Reached skill level 1 in Translocations
 23848 | Orc:2    | Killed Maurice
 23960 | Orc:2    | Found a staircase to the Elven Halls.
 24273 | Orc:2    | Found Ziwean's Antique Weapon Shop.
 24273 | Orc:2    | Found Eczum's Antique Weapon Shoppe.
 24365 | Orc:2    | Found Odoob's Armour Shop.
 24365 | Orc:2    | Found Ocochavu's Distillery.
 24387 | Orc:2    | Bought a potion of invisibility for 120 gold pieces
 24387 | Orc:2    | Bought 2 potions of heal wounds for 150 gold pieces
 25281 | D:14     | Killed an ironbound preserver
 25410 | D:14     | Gained mutation: Your large and strong wings let you fly.
                  | [Black Draconian growth]
 25410 | D:14     | Reached XP level 14. HP: 122/122 MP: 20/27
 25434 | D:14     | Reached skill level 16 in Summonings
 25971 | D:14     | Found a gate to the Vaults.
 26046 | D:15     | Entered Level 15 of the Dungeon
 26086 | D:15     | Reached skill level 5 in Translocations
 26160 | D:15     | Found a transporter.
 26188 | D:15     | Noticed Higod's ghost (journeyman SpEn)
 26537 | D:15     | Identified Roxanne's Incunable of Silt
 26537 | D:15     | Noticed Roxanne
 26567 | D:15     | Killed Roxanne
 26625 | D:15     | Found a transporter.
 26682 | D:15     | Noticed an iron dragon
 26683 | D:15     | Noticed an acid blob
 26691 | D:15     | Noticed an iron giant
 26692 | D:15     | an iron giant changed into a shard shrike
 26692 | D:15     | Noticed a shard shrike (glowing shapeshifter)
 26848 | D:15     | Found a staircase to the Depths.
 27380 | Snake:1  | Entered Level 1 of the Snake Pit
 27806 | Snake:2  | Reached skill level 17 in Summonings
 28639 | Snake:2  | Reached XP level 15. HP: 119/133 MP: 17/28
 29779 | Snake:1  | You are sucked into a shaft and drop 1 floor!
 29831 | Snake:1  | Noticed Isiyh's ghost (journeyman MiMo)
 29861 | Snake:1  | Found a transporter.
 29911 | Snake:1  | Found a transporter.
 30695 | Snake:3  | Identified the +4 trident "Erchoes" {pain, rPois rN++ Str-3
                  | SInv}
 31025 | Snake:3  | Reached skill level 10 in Spellcasting
 31107 | Snake:3  | Found Juahih's Antique Armour Shop.
 31170 | Snake:3  | Identified the +7 lajatang of Callousness {drain, Drain
                  | Str+6}
 31275 | Snake:3  | Reached skill level 18 in Summonings
 31655 | Snake:4  | Entered Level 4 of the Snake Pit
 31892 | Snake:4  | Noticed Louise
 31911 | Snake:4  | Killed Louise
 32031 | Snake:4  | Identified the +1 pair of gloves "Lumig" {Harm rPois rF+
                  | Int-3}
 32124 | Snake:4  | Noticed Saint Roka
 32141 | Snake:4  | Killed Saint Roka
 32980 | D:10     | Bought a manual of Evocations for 1280 gold pieces
 33315 | Snake:4  | Reached XP level 16. HP: 122/146 MP: 19/30
 33560 | Snake:4  | Got a serpentine rune of Zot
 33752 | Snake:4  | Reached skill level 5 in Evocations
 33848 | Snake:4  | Found Eputeimpic's Magic Scroll Emporium.
 33890 | Snake:4  | Bought a scroll of blinking for 112 gold pieces
 33890 | Snake:4  | Bought a scroll of magic mapping for 112 gold pieces
 33911 | Snake:4  | Found a runed translucent door.
 33912 | Snake:4  | Noticed Jackthecabe's ghost (adept GnWn)
 34274 | Swamp:1  | Entered Level 1 of the Swamp
 36071 | Swamp:2  | Reached skill level 1 in Polearms
 36243 | Swamp:2  | Reached skill level 19 in Summonings
 36673 | Swamp:3  | Identified the +0 scale mail of Valour {rN+ Will+}
 36970 | Swamp:3  | Noticed Donald
 36975 | Swamp:3  | Killed Donald
 37017 | Swamp:3  | Noticed a tentacled monstrosity
 37059 | Swamp:3  | Killed a tentacled monstrosity
 37539 | Swamp:4  | Entered Level 4 of the Swamp
 37655 | Swamp:4  | Reached skill level 15 in Fighting
 37800 | Swamp:4  | Got a decaying rune of Zot
 38692 | Elf:1    | Entered Level 1 of the Elven Halls
 38850 | Elf:1    | Reached XP level 17. HP: 147/148 MP: 14/31
 38908 | Elf:1    | Found Xikliub's Weapon Shop.
 39092 | Elf:1    | Reached skill level 10 in Evocations
 39093 | Elf:1    | Reached skill level 10 in Dodging
 39173 | Elf:1    | Reached skill level 5 in Polearms
 39281 | Elf:1    | Found Caikk's Jewellery Boutique.
 39331 | Elf:1    | Paralysed by an air elemental for 1 turns
 39333 | Elf:1    | Paralysed by an air elemental for 1 turns
 39569 | Elf:1    | Found Tasiax's Antique Weapon Shoppe.
 39620 | Elf:1    | Found Itojun's Weapon Shoppe.
 39675 | Elf:1    | Found Tucwec's Antique Armour Emporium.
 39676 | Elf:1    | Noticed Agnes
 39688 | Elf:1    | Killed Agnes
 40484 | Elf:2    | Paralysed by an air elemental for 1 turns
 40816 | Elf:2    | Reached skill level 20 in Summonings
 41044 | Elf:2    | Found Bauhoin's Magic Scroll Boutique.
 41053 | Elf:2    | Bought a scroll of summoning for 161 gold pieces
 41134 | Elf:2    | Found a runed translucent gate.
 41135 | Elf:2    | Found a runed translucent gate.
 41135 | Elf:2    | Found a runed translucent gate.
 41610 | Elf:3    | Entered Level 3 of the Elven Halls
 42105 | Elf:3    | Paralysed by an air elemental for 1 turns
 42111 | Elf:3    | Paralysed by an air elemental for 1 turns
 42823 | Elf:3    | Reached XP level 18. HP: 148/163 MP: 11/32
 43220 | Elf:3    | Identified the +5 robe "Qymoh" {rElec rF- rC+++ Regen+}
 43220 | Elf:3    | Identified the ring of Goyzoly {Fire rPois rN+}
 43302 | Elf:3    | Identified the ring "Plog" {rPois rF+ rC+ MP+9 Int-5 Dex+3}
 43536 | Elf:3    | Identified the +12 dagger of Unreason {antimagic, *Slow
                  | rElec rCorr Str+5}
 43668 | Elf:3    | Identified the +1 helmet of Springtime {Harm Str-3 Dex+7}
 44138 | Vaults:1 | Entered Level 1 of the Vaults
 44250 | Vaults:1 | Learned a level 7 spell: Summon Hydra
 44270 | Vaults:1 | Found Yrchoxko's Antique Weapon Shoppe.
 45024 | Vaults:1 | Noticed Zenata
 45047 | Vaults:1 | Killed Zenata
 46519 | Vaults:2 | Reached skill level 21 in Summonings
 46844 | Vaults:2 | Reached XP level 19. HP: 170/170 MP: 4/33
 48214 | Vaults:3 | Found a portal to a secret trove of treasure.
 48542 | Vaults:3 | Found a staircase to the Crypt.
 48557 | Vaults:3 | Reached skill level 15 in Shields
 50329 | Vaults:3 | Reached skill level 22 in Summonings
 50369 | Vaults:3 | Found Fiomoy's General Store.
 50411 | Vaults:3 | Bought a potion of curing for 45 gold pieces
 50411 | Vaults:3 | Bought a scroll of teleportation for 45 gold pieces
 50411 | Vaults:3 | Bought a phial of floods for 600 gold pieces
 51477 | Vaults:3 | Learned a level 9 spell: Dragon's Call
 52147 | Vaults:4 | Found a huge runed gate.
 52147 | Vaults:4 | Found a huge runed gate.
 52147 | Vaults:4 | Found a huge runed gate.
 52147 | Vaults:4 | Found a huge runed gate.
 52147 | Vaults:4 | Found a huge runed gate.
 52147 | Vaults:4 | Found a huge runed gate.
 52148 | Vaults:4 | Found a huge runed gate.
 52149 | Vaults:4 | Found a huge runed gate.
 52150 | Vaults:4 | Found a huge runed gate.
 52151 | Vaults:4 | Found a huge runed gate.
 52156 | Vaults:4 | Found a huge runed gate.
 52156 | Vaults:4 | Found a huge runed gate.
 52156 | Vaults:4 | Found a huge runed gate.
 52156 | Vaults:4 | Found a huge runed gate.
 52156 | Vaults:4 | Found a huge runed gate.
 52156 | Vaults:4 | Found a huge runed gate.
 52157 | Vaults:4 | Found a huge runed gate.
 52158 | Vaults:4 | Found a huge runed gate.
 52159 | Vaults:4 | Found a huge runed gate.
 52167 | Vaults:4 | Found a huge runed gate.
 52167 | Vaults:4 | Found a huge runed gate.
 52167 | Vaults:4 | Found a huge runed gate.
 52167 | Vaults:4 | Found a huge runed gate.
 52167 | Vaults:4 | Found a huge runed gate.
 52167 | Vaults:4 | Found a huge runed gate.
 52168 | Vaults:4 | Found a huge runed gate.
 52242 | Vaults:4 | Found a huge runed gate.
 52243 | Vaults:4 | Found a huge runed gate.
 52251 | Vaults:4 | Found a huge runed gate.
 52251 | Vaults:4 | Found a huge runed gate.
 52251 | Vaults:4 | Found a huge runed gate.
 52251 | Vaults:4 | Found a huge runed gate.
 52251 | Vaults:4 | Found a huge runed gate.
 52251 | Vaults:4 | Found a huge runed gate.
 52252 | Vaults:4 | Found a huge runed gate.
 52253 | Vaults:4 | Found a huge runed gate.
 52986 | Vaults:4 | Noticed an ancient lich
 52995 | Vaults:4 | Killed an ancient lich
 53272 | Vaults:5 | Entered Level 5 of the Vaults
 53278 | Vaults:5 | Reached XP level 20. HP: 157/175 MP: 14/36
 53285 | Vaults:5 | Noticed a dread lich
 53450 | Vaults:5 | Noticed a dread lich
 53722 | Depths:1 | Entered Level 1 of the Depths
 55024 | Depths:1 | Found a broken altar of Ashenzari.
 55120 | Depths:1 | Found a gateway to Hell.
 55199 | Depths:1 | Found a stormy altar of Qazlal.
 55290 | Depths:1 | Found a sacrificial altar of Ru.
 55290 | Depths:1 | Found a white marble altar of Elyvilon.
 55292 | Depths:1 | Found a broken altar of Ashenzari.
 55292 | Depths:1 | Found a shadowy altar of Dithmenos.
 55292 | Depths:1 | Found a shimmering altar of Xom.
 55446 | Depths:1 | Reached skill level 23 in Summonings
 55493 | Depths:1 | Found a one-way gate leading to the halls of Pandemonium.
 55798 | Depths:2 | Found Zikkia's Antique Armour Boutique.
 55944 | Depths:2 | Noticed the Enchantress
 55948 | Depths:2 | Killed the Enchantress
 56055 | Depths:2 | Found a one-way gateway to a ziggurat.
 56226 | Depths:2 | Found a one-way gate to the infinite horrors of the Abyss.
 56397 | Depths:2 | Noticed Vv
 56425 | Depths:2 | Killed Vv
 57445 | Depths:2 | Noticed a caustic shrike
 57455 | Depths:2 | Killed a caustic shrike
 57947 | Orc:2    | Bought a potion of might for 60 gold pieces
 57947 | Orc:2    | Bought a potion of heal wounds for 75 gold pieces
 57947 | Orc:2    | Bought a potion of cancellation for 120 gold pieces
 57947 | Orc:2    | Bought a potion of mutation for 120 gold pieces
 57947 | Orc:2    | Bought a potion of resistance for 150 gold pieces
 57947 | Orc:2    | Bought a potion of mutation for 120 gold pieces
 58294 | Vaults:4 | Killed a dread lich
 58635 | Vaults:4 | Killed a dread lich
 58636 | Vaults:4 | Reached XP level 21. HP: 172/180 MP: 18/39
 58677 | Vaults:4 | Noticed a dread lich
 58690 | Vaults:4 | Killed a dread lich
 58946 | Vaults:5 | Reached skill level 24 in Summonings
 58961 | Vaults:5 | Identified the +7 trident of Melee {vorpal, Will+}
 59409 | Vaults:5 | Identified the +0 cloak of the Blind Marksman {Str+3}
 59626 | Vaults:5 | Noticed a caustic shrike
 59627 | Vaults:5 | a caustic shrike changed into an acid blob
 60105 | Vaults:5 | Noticed a dread lich
 60237 | Vaults:5 | Identified the ring "Vymulet" {*Slow rElec rC+ Stlth+}
 60544 | Vaults:5 | Acquired a +2 pair of gloves of stealth
 61166 | Vaults:5 | Got Vorr's Collected Works on Congelation
 61402 | Vaults:5 | Noticed an ancient lich
 61413 | Vaults:5 | Killed an ancient lich
 61498 | Vaults:5 | Reached skill level 15 in Spellcasting
 61548 | Vaults:5 | Got Sif Muna's Almanac of Direction
 61928 | Vaults:5 | Identified the +0 robe "Poybeyn" {rC+ Int+3 Dex+3}
 62247 | Vaults:5 | Killed a dread lich
 62248 | Vaults:5 | Reached skill level 25 in Summonings
 62370 | Vaults:5 | Got a silver rune of Zot
 62900 | Depths:3 | Reached XP level 22. HP: 71/189 MP: 4/41
 62901 | Depths:3 | Noticed Frederick
 62904 | Depths:3 | Killed Frederick
 63184 | Depths:3 | Noticed a caustic shrike
 63195 | Depths:3 | Noticed a caustic shrike
 63198 | Depths:3 | Killed a caustic shrike
 63357 | Depths:3 | Killed a caustic shrike
 63358 | Depths:3 | Reached skill level 5 in Stealth
 63360 | Depths:3 | Noticed a caustic shrike
 63363 | Depths:3 | Killed a caustic shrike
 64314 | Depths:3 | Found a basalt altar of Yredelemnul.
 64448 | Depths:3 | You are sucked into a shaft and drop 1 floor!
 64448 | Depths:4 | Entered Level 4 of the Depths
 64448 | Depths:4 | Found Suett's Overcharged Wands.
 64480 | Depths:4 | Bought a wand of quicksilver (18) for 1134 gold pieces
 65080 | Depths:4 | Reached skill level 26 in Summonings
 65414 | Depths:4 | Found a gate to the Realm of Zot.
 66031 | Depths:3 | Learned a level 2 spell: Blink
 66484 | Depths:2 | Noticed Grunn
 66491 | Depths:2 | Killed Grunn
 66915 | Depths:2 | Got the Vellum of Convocation and Ensorcelling
 67409 | Slime:1  | Entered Level 1 of the Pits of Slime
 68039 | Slime:3  | Reached XP level 23. HP: 213/215 MP: 16/42
 68559 | Slime:4  | Reached skill level 10 in Stealth
 68690 | Slime:5  | Entered Level 5 of the Pits of Slime
 69166 | Slime:5  | Noticed the Royal Jelly
 69202 | Slime:5  | Killed the Royal Jelly
 69383 | Slime:5  | Got the Tome of Feathers
 69407 | Slime:5  | Acquired 1093 gold pieces
 69431 | Slime:5  | Identified the +10 short sword "Apoqytheent" {protect,
                  | Fragile rCorr Dex+7 SInv}
 69434 | Slime:5  | Got a slimy rune of Zot
 69447 | Slime:5  | Identified the ring "Pupoa" {Ice Fly Int-4 Dex+4}
 69459 | Slime:5  | Identified the +1 ring mail of Dogmatism {Contam +Blink
                  | Str+3 Dex+4}
 69469 | Slime:5  | Identified the +7 long sword of Xaakhym {vorpal, rPois
                  | Int-4 Dex+2}
 69946 | Zot:1    | Entered Level 1 of the Realm of Zot
 70965 | Zot:2    | Found a transporter.
 70968 | Zot:2    | Noticed a Killer Klown
 70980 | Zot:2    | Identified the +3 hand axe of the Lame Duck {antimagic,
                  | rF+}
 71288 | Zot:2    | Identified the ring "Uziesut" {Ice Int+4}
 71305 | Zot:2    | Noticed a Killer Klown
 71310 | Zot:2    | Noticed Buusaloph's ghost (veteran TrCK)
 71314 | Zot:2    | Identified the +4 spear "Cigu" {elec, Int+5 Stlth+}
 71315 | Zot:2    | Noticed an ancient lich
 71317 | Zot:2    | Found a transporter.
 71968 | D:5      | Killed pigah's ghost
 72267 | Snake:1  | Killed Isiyh's ghost
 72516 | Snake:4  | Killed Jackthecabe's ghost
 72880 | D:15     | Killed Higod's ghost
 73344 | Zot:3    | Found a transporter.
 73351 | Zot:3    | Found a transporter.
 73380 | Zot:3    | Found a transporter.
 73661 | Zot:3    | Reached XP level 24. HP: 210/226 MP: 14/42
 73884 | Zot:3    | Reached skill level 15 in Evocations
 74159 | Zot:3    | Found a transporter.
 74167 | Zot:3    | Found a transporter.
 74310 | Zot:3    | Found a runed translucent gate.
 74310 | Zot:3    | Found a runed translucent gate.
 74310 | Zot:3    | Found a runed translucent gate.
 74311 | Zot:3    | Found an ancient bone altar of Kikubaaqudgha.
 74311 | Zot:3    | Noticed an ancient lich
 74312 | Zot:3    | Noticed Akugygoc's ghost (legendary MiFi)
 74312 | Zot:3    | Noticed Zeaxzic Paph's ghost (veteran OgBe)
 74312 | Zot:3    | Noticed a dread lich
 74312 | Zot:3    | Noticed an ancient lich
 74383 | Zot:3    | Found a transporter.
 75191 | Zot:4    | Found a large runed translucent door.
 75191 | Zot:4    | Found a large runed translucent door.
 75193 | Zot:4    | Noticed Buusaloph's ghost (veteran TrCK)
 75245 | Zot:4    | Noticed a Killer Klown
 75250 | Zot:4    | Killed a Killer Klown
 76009 | Zot:4    | Noticed an orb of fire
 76264 | Zot:4    | Killed Buusaloph's ghost
 76271 | Zot:4    | Got the Volume of Petrous Stolen Souls
 76330 | Zot:5    | Entered Level 5 of the Realm of Zot
 76454 | Zot:5    | Noticed a Killer Klown
 76890 | Zot:5    | Killed a Killer Klown
 77432 | Zot:5    | Noticed an orb of fire
 77437 | Zot:5    | Noticed a Killer Klown
 77445 | Zot:5    | Killed an orb of fire
 77592 | Zot:5    | Killed a Killer Klown
 77828 | Zot:5    | Noticed a Killer Klown
 77828 | Zot:5    | Noticed a Killer Klown
 77829 | Zot:5    | Noticed an orb of fire
 77832 | Zot:5    | Noticed an orb of fire
 77835 | Zot:5    | Killed a Killer Klown
 77839 | Zot:5    | Killed an orb of fire
 77841 | Zot:5    | Killed a Killer Klown
 77843 | Zot:5    | Killed an orb of fire
 77952 | Zot:5    | Noticed an orb of fire
 77959 | Zot:5    | Killed an orb of fire
 78003 | Zot:5    | Noticed an orb of fire
 78019 | Zot:5    | Killed an orb of fire
 78083 | Zot:5    | Noticed an orb of fire
 78084 | Zot:5    | Gained mutation: You are weak. (Str -2) [an orb of fire]
 78097 | Zot:5    | Killed an orb of fire
 78098 | Zot:5    | Reached XP level 25. HP: 227/237 MP: 24/43
 78364 | Zot:5    | Noticed an orb of fire
 78372 | Zot:5    | Killed an orb of fire
 78378 | Zot:5    | Noticed a dread lich
 78385 | Zot:5    | Killed a dread lich
 78646 | Zot:5    | Noticed an orb of fire
 78657 | Zot:5    | Killed an orb of fire
 78799 | Zot:5    | Got the Orb of Zot
 78912 | Zot:1    | Noticed Qizyh the pandemonium lord
 78921 | Zot:1    | Reached skill level 15 in Dodging
 78925 | Zot:1    | Killed Qizyh the pandemonium lord
 79423 | D:$      | Escaped with the Orb!

Illustrated notes

Levels and vault maps discovered:
D:1:      amcnicky_arrival_single_pillar, layout_loops_ring
D:2:      layout_basic, serial_shops, nicolae_square_shop
D:3:      layout_loops_ring, mainiacjoe_overflow_alcove_4,
          mainiacjoe_overflow_boulevard, shapermc_ecumenical_altar_pompeii,
          uniq_jessica, uniq_terence
D:4:      layout_rooms, nicolae_shop_unique_rings, kennysheep_doodads,
          hangedman_decor_opposing, uniq_crazy_yiuf_cottage, uniq_sigmund
D:5:      layout_loops_ring, minmay_temple_entry_tees, gammafunk_ghost_icy
D:6:      layout_basic, uniq_grinder, uniq_menkaure, uniq_prince_ribbit1
D:7:      layout_basic, enter_bailey_3
D:8:      layout_loops_ring, fedhas_altar_3, fiery_altar_vehumet
D:9:      layout_long_grid, chequers_temple_overflow_minitemple, minivault_5
D:10:     layout_long_grid, nicolae_sif_muna_little_library, old_standard_altar,
          bloody_makhleb, erik_lair_island, serial_shops,
          nicolae_shop_advertising_works [nicolae_subvault_shop_adworks]
D:11:     layout_roguey, kennysheep_orc_monster_closet_entryway,
          nicolae_lava_and_water, kennysheep_kite_vault
D:12:     layout_basic, kiku_gazebo_pond_becter
D:13:     layout_roguey, serial_ice, serial_ice_o, serial_ice_b, serial_ice_n,
          serial_ice_l, portal_ice_cave_demonic_guard, minivault_10, uniq_snorg
D:14:     layout_small_grid, skrybe_vaults_entry_preservation,
          kennysheep_generic_room_6
D:15:     gammafunk_depths_entry_grave, layout_long_grid, nzn_ghost_randoct,
          chequers_serial_rivers_room_b, uniq_roxanne
Temple:   nicolae_temple_bog_church
Lair:1:   layout_chaotic_city, infiniplex_staircase_pool_2, lemuel_fruit_tree,
          grunt_megastairs_2, uniq_maggie, uniq_erica
Lair:2:   layout_gridlike
Lair:3:   layout_long_grid, nicolae_swamp_entry_splash_gauntlet,
          minmay_snake_entry_guardpost_large, beast_lair_carwin_10
Lair:4:   layout_layer_cave, grunt_megastairs_3, serial_bayou_shore_a
Lair:5:   hangedman_lair_caniforms_friends, layout_gridlike, slime_entry_1,
          ldierk_geyser, nicolae_quartered_pool_medium, serial_bayou_shore_b,
          uniq_urug
Swamp:1:  layout_falls_marsh, serial_swamp_ruin, evilmike_swamp_ruin_house_1,
          hangedman_swamp_ruin_hall, evilmike_swamp_ruin_house_6,
          hangedman_swamp_diagram, swamp_pool2
Swamp:2:  layout_basic_swamp, evilmike_swamp_ruin_wall
Swamp:3:  cheibrodos_swamp_monstrosity, layout_falls_marsh,
          nicolae_swamp_big_swirl, uniq_donald
Swamp:4:  swamp_alternative, layout_basic_swamp
Snake:1:  layout_layer_cave, gammafunk_ghost_arena
Snake:2:  layout_basic
Snake:3:  layout_gridlike, minmay_shop_star
Snake:4:  grunt_snake_rune_pools, layout_basic, gammafunk_ghost_grave,
          serial_shops, shop_fountains, uniq_saint_roka, uniq_louise
Slime:1:  layout_caves
Slime:2:  layout_caves
Slime:3:  layout_caves
Slime:4:  layout_caves, nicolae_slime_welcoming_committee
Slime:5
Orc:1:    layout_caves, basic_altar
Orc:2:    st_orc_town, layout_caves, uniq_maurice
Elf:1:    elf_arrival_002, layout_loops_ring, serial_shops, nicolae_shop_stone,
          shop_fountains, nicolae_take_the_stairs, nicolae_lakefront_shop,
          shop_fountains, hangedman_elven_crosses_minicolossus, uniq_agnes
Elf:2:    nicolae_elf_blades_crystal_corner, layout_loops_ring, serial_shops,
          nicolae_lakefront_shop, dreamdust_princess_bridge
Elf:3:    minmay_elf_hall_circle, layout_onion_city
Vaults:1: v_alt_pattern_2, vaults_room_semicircle, v_misc_17, v_misc_12,
          v_misc_1, v_misc_2, grunt_vaults_trifunnel, nicolae_vaults_alarming,
          vaults_room_guarded_vault, vaults_dpeg_emergency_exit, v_misc_17,
          layout_vaults_omnicross, serial_shops, shop, uniq_zenata
Vaults:2: hangedman_vaults_locks, nicolae_vaults_ninety_degrees,
          vaults_room_ringed_pool, hangedman_vaults_corner_blocks,
          nicolae_vaults_mini_display_case, vaults_dpeg_ring,
          layout_vaults_chaotic_city
Vaults:3: vaults_mumra_minichess_inversion, vaults_dpeg_cross,
          hangedman_vaults_corner, v_misc_3, hangedman_vaults_nodes,
          nicolae_vaults_puzzle_piece, ontoclasm_vaults_gateway,
          nicolae_vaults_c_with_doors, v_rooms_6, v_misc_15,
          minmay_crypt_entry_nasty_monster, ontoclasm_vaults_tryst,
          vaults_dpeg_diagonal, v_misc_8, layout_vaults_omnibox,
          nicolae_trove_entry_free_sample, serial_shops, shop
Vaults:4: door_vault, nicolae_vaults_little_squares_3, v_alt_pattern_2,
          nicolae_vaults_little_ls, v_misc_25, ontoclasm_vaults_ring_small,
          nicolae_vaults_little_squares_1, v_alt_pattern_4, v_misc_2,
          layout_vaults_ring
Vaults:5: serial_shops
Depths:1: layout_cave_shapes, hell_entry, rand_demon_pan_entry_1,
          ashenzari_altar_1, doesnt_xom_only_xom, firewood_loft
Depths:2: minmay_nested_s, layout_basic, enter_ziggurat_e, serial_sigils,
          serial_sigils_hangedman_confine, serial_sigils_hangedman_gnaw,
          serial_sigils_hangedman_scar, serial_sigils_hangedman_scratch,
          abyss_entry, hell_entry, chequers_serial_rivers_micro_e, serial_shops,
          nicolae_shop_hallway_stairs, grunt_pan_entry_in_and_out,
          uniq_enchantress, uniq_grunn, uniq_vv
Depths:3: wad_pebble_path, layout_cave_pools, nicolae_figureground_sparkle,
          rand_demon_pan_entry_9, hell_entry, hangedman_abyss_entry_splay,
          minmay_misc_feat_cross, hangedman_blasphemy, uniq_frederick
Depths:4: grunt_crosshair, layout_gridville,
          nicolae_concentric_dashed_squares_wild, pf_coc_iceberg,
          nicolae_shop_overcharged_wands
Zot:1:    layout_basic
Zot:2:    layout_misc_corridors, gammafunk_ghost_abyssal_escape
Zot:3:    kennysheep_blocky_hall, layout_onion_interference,
          gammafunk_ghost_crypt, serial_nicolae_subway,
          nicolae_sub_station_crystal, nicolae_sub_station_metal,
          nicolae_sub_station_stone
Zot:4:    kennysheep_spiral_hall, layout_twisted_circle,
          ebering_ghost_disaster_area, nrook_zot_tub, grunt_megastairs_1
Zot:5:    layout_basic

Skill      XL: |  1  2  3  4  5  6  7  8  9 10 11 12 13 14 15 16 17 18 19 20 21 22 23 24 25 |
---------------+----------------------------------------------------------------------------+-----
Summonings     | 5 6 7 8 9 10 11 12 14 15 17 18 19 20 21 22 23 25 26 | 26.9
Hexes          | 3 4 6 7 |  7.0
Spellcasting   | 3 5 6 7 8 9 10 12 14 15 16 17 | 17.5
Air Magic      | 6 7 |  7.0
Shields        | 2 7 8 9 11 13 14 15 17 18 | 18.0
Dodging        | 4 6 7 8 9 10 11 12 14 15 | 15.0
Fighting       | 5 7 9 10 12 14 15 17 18 20 21 22 | 22.5
Evocations     | 4 2 9 13 14 15 | 15.0
Translocations | 3 7 8 |  8.0
Polearms       | 4 8 |  8.0
Stealth        | 4 9 10 | 10.0

Action                   |  1- 3 |  4- 6 |  7- 9 | 10-12 | 13-15 | 16-18 | 19-21 | 22-24 | 25-27 || total
-------------------------+-------+-------+-------+-------+-------+-------+-------+-------+-------++-------
Melee: Unarmed           |    68 |       |       |       |       |       |       |       |       ||    68
       Tailslap          |    11 |     4 |     8 |    20 |    37 |    44 |    60 |    44 |     9 ||   237
       Dagger            |     9 |       |       |       |       |       |       |       |       ||     9
       Short sword       |    19 |    30 |    69 |       |       |       |       |       |       ||   118
       Hand axe          |       |       |    14 |       |       |       |       |       |       ||    14
       Morningstar       |       |       |       |   181 |       |       |       |       |       ||   181
       Spear             |       |       |       |    17 |   318 |   298 |   368 |   254 |    44 ||  1299
Throw: Dart              |       |       |       |     2 |       |       |       |       |       ||     2
 Cast: Summon Small Mamm |    35 |    19 |     9 |     2 |       |       |       |       |       ||    65
       Call Imp          |    22 |    12 |    18 |    11 |       |       |       |       |       ||    63
       Call Canine Famil |     1 |     3 |    27 |   109 |    80 |    16 |     3 |       |     1 ||   240
       Summon Guardian G |       |       |    24 |    56 |     8 |       |       |       |       ||    88
       Summon Lightning  |       |       |     4 |    85 |    99 |    96 |    44 |     4 |       ||   332
       Summon Cactus Gia |       |       |       |    66 |   134 |   157 |    61 |    29 |     3 ||   450
       Summon Mana Viper |       |       |       |     9 |    82 |   132 |    70 |    23 |     6 ||   322
       Summon Forest     |       |       |       |       |    51 |    97 |    64 |    22 |     3 ||   237
       Summon Hydra      |       |       |       |       |       |    44 |   291 |    87 |     9 ||   431
       Dragon's Call     |       |       |       |       |       |       |     5 |    61 |     8 ||    74
Invok: Sacrifice an Eye  |       |       |     1 |       |       |       |       |       |       ||     1
       Sacrifice Experie |       |       |       |     1 |       |       |       |       |       ||     1
       Apocalypse        |       |       |       |     1 |     1 |     3 |     7 |     1 |       ||    13
       Sacrifice Health  |       |       |       |     1 |       |       |       |       |       ||     1
       Sacrifice Resista |       |       |       |     1 |       |       |       |       |       ||     1
       Sacrifice Essence |       |       |       |       |     1 |       |       |       |       ||     1
 Abil: Breathe Lightning |       |       |     4 |       |     1 |       |     1 |       |       ||     6
Evoke: Wand              |       |       |       |     3 |     4 |     4 |     9 |     3 |     1 ||    24
       Condenser vane    |       |       |       |       |     1 |     2 |     6 |     1 |       ||    10
       Tin of tremorston |       |       |       |       |       |     1 |     4 |       |       ||     5
       Phantom mirror    |       |       |       |       |       |     2 |     1 |     1 |     2 ||     6
       Phial of floods   |       |       |       |       |       |       |       |     1 |       ||     1
  Use: Scroll            |     1 |     1 |     5 |    18 |     3 |     4 |    10 |     4 |     2 ||    48
       Potion            |       |       |     2 |     6 |       |       |     4 |     1 |       ||    13
 Stab: Sleeping          |     3 |       |       |       |       |       |       |       |       ||     3
       Distracted        |       |     1 |       |     4 |     7 |     6 |     9 |    11 |     1 ||    39
       Betrayed ally     |       |       |       |     1 |       |       |       |       |       ||     1
       Invisible         |       |       |       |     1 |       |     1 |     3 |     2 |       ||     7
       Paralysed         |       |       |       |       |     2 |     9 |     3 |       |       ||    14
Armor: Skin              |    51 |    10 |    51 |    99 |   204 |   145 |   170 |   178 |    21 ||   929
Dodge: Dodged            |    83 |    20 |    78 |   114 |   118 |   117 |   130 |   104 |     9 ||   773
Block: Other             |       |       |    16 |       |       |       |       |       |       ||    16
       Kite shield       |       |       |    12 |   256 |   301 |   271 |   254 |   200 |    34 ||  1328
       Reflection        |       |       |       |    11 |       |       |       |       |       ||    11

Table legend: (Time is in decaauts)
 A = Elapsed time spent in this place.
 B = Non-inter-level travel time spent in this place.
 C = Inter-level travel time spent in this place.
 D = Time resting spent in this place.
 E = Time spent auto-exploring this place.
 F = Levels seen in this place.
 G = Mean time per level.
                   A        B        C        D        E       F      G
               +--------+--------+--------+--------+--------+-----+--------+
         Total |  79687 |  70538 |   9149 |  11600 |  42431 |  55 | 1448.9 |
       Dungeon |  21940 |  18309 |   3631 |   3456 |  10433 |  15 | 1462.7 |
        Temple |    227 |    190 |     37 |      0 |    179 |   1 |  227.0 |
          Lair |   7052 |   5975 |   1077 |    368 |   4374 |   5 | 1410.4 |
         Swamp |   4201 |   4038 |    163 |    554 |   2725 |   4 | 1050.2 |
     Snake Pit |   7043 |   6436 |    607 |    318 |   4569 |   4 | 1760.8 |
    Slime Pits |   2159 |   1982 |    177 |    562 |    909 |   5 |  431.8 |
  Orcish Mines |   2208 |   1760 |    448 |    359 |   1010 |   2 | 1104.0 |
   Elven Halls |   5333 |   4855 |    478 |    475 |   2734 |   3 | 1777.7 |
        Vaults |  13417 |  12323 |   1094 |   2582 |   7310 |   5 | 2683.4 |
        Depths |   7988 |   7072 |    916 |   1728 |   3722 |   4 | 1997.0 |
           Zot |   7403 |   6885 |    518 |    958 |   4344 |   5 | 1480.6 |
        Bailey |    512 |    512 |      0 |    111 |    120 |   1 |  512.0 |
      Ice Cave |    200 |    200 |      0 |    127 |      0 |   1 |  200.0 |
               +--------+--------+--------+--------+--------+-----+--------+

Top non-repeatable levels by time:
Vaults:5: 3640 daAuts
Depths:2: 2790 daAuts
Vaults:1: 2710 daAuts
    D:11: 2695 daAuts
Vaults:4: 2684 daAuts
Vaults:3: 2656 daAuts
    D:15: 2319 daAuts
   Elf:3: 2289 daAuts
 Snake:4: 2254 daAuts
Depths:3: 2238 daAuts
   Zot:5: 2053 daAuts
   Zot:4: 1974 daAuts
    D:13: 1960 daAuts
 Snake:2: 1828 daAuts
Depths:4: 1799 daAuts
